 Dungeon Crawl Stone Soup version 0.21-a0-110-g8e1637b (webtiles) character file.

23 MackTheKnife the Magician (level 2, -1/15 HPs)
             Began as a Deep Elf Wizard on July 9, 2017.
             Engulfed by a cloud of flame (16 damage)
             ... on level 1 of the Dungeon.
             The game lasted 00:01:17 (829 turns).

MackTheKnife the Magician (Deep Elf Wizard)          Turns: 829, Time: 00:01:18

Health: -1/15      AC:  2    Str:  4    XL:     2   Next: 72%
Magic:  10/10      EV: 13    Int: 22    God:
Gold:   36         SH:  0    Dex: 13    Spells: 8/11 levels left

rFire    . . .     SeeInvis .   g - +1 dagger (venom)
rCold    . . .     Gourm    .   (no shield)
rNeg     . . .     Faith    .   a - +0 robe
rPois    .         Spirit   .   b - +0 hat
rElec    .         Reflect  .   (no cloak)
rCorr    .         Harm     .   (no gloves)
MR       .....                  (no boots)
Stlth    ++........             (no amulet)
HPRegen  0.05/turn              (no ring)
MPRegen  0.12/turn              (no ring)

@: no status effects
A: no striking features
a: no special abilities


You were on level 1 of the Dungeon.
You were not hungry.

You visited 1 branch of the dungeon, and saw 1 of its levels.

You collected 36 gold pieces.

Inventory:

Hand Weapons
 g - a +1 dagger of venom (weapon)
   (You took it off a goblin on level 1 of the Dungeon)
Armour
 a - a +0 robe (worn)
 b - a +0 hat (worn)
Scrolls
 f - a scroll of remove curse {unknown}
 i - a scroll of enchant weapon {unknown}
 k - a scroll of random uselessness {unknown}
Potions
 e - a potion of lignification {unknown}
 h - a potion of haste {unknown}
 j - a potion of curing {unknown}
Books
 c - a book of Minor Magic
Comestibles
 d - a bread ration {@e1}


   Skills:
 - Level 2.4 Dodging
 - Level 2.4 Stealth
 + Level 5.0 Spellcasting
 + Level 2.4 Conjurations
 - Level 1.1 Summonings
   Level 1.1 Translocations


You had 8 spell levels left.
You knew the following spells:

 Your Spells              Type           Power        Failure   Level  Hunger
c - Call Imp              Summ           ##......     10%         2    None
z - Magic Dart            Conj           ###.         3%          1    None


Dungeon Overview and Level Annotations

Branches:
Dungeon (1/15)

Altars:


Message History

Aim: a hobgoblin, wielding a club (severely wounded)
The magic dart hits the hobgoblin.
You kill the hobgoblin!
You now have 6/9 mp.
You see here a club.
A giant cockroach comes into view.
You regained 2 mp, and now have 8/9 mp.
A giant cockroach is nearby!
A giant cockroach is nearby!
A giant cockroach is nearby!
Aim: a giant cockroach (clinging)
The magic dart hits the giant cockroach.
You now have 7/9 mp.
Aim: a giant cockroach (clinging)
The magic dart hits the giant cockroach.
The giant cockroach barely misses you.
You now have 6/9 mp.
Aim: a giant cockroach (heavily wounded, clinging)
The magic dart hits the giant cockroach.
The giant cockroach barely misses you.
You now have 5/9 mp.
Aim: a giant cockroach (severely wounded, clinging)
The magic dart hits the giant cockroach.
You kill the giant cockroach!
You now have 4/9 mp.
A kobold comes into view. It is wielding a whip.
The kobold shouts!
A kobold is nearby!
A kobold is nearby!
A kobold is nearby!
Aim: a kobold, wielding a whip The magic dart hits the kobold.
You kill the kobold!
You can't see any susceptible monsters within range! (Use Z to cast anyway.) Unknown command.
Things that are here:
a whip; 2 stones
Things that are here:
a whip; 2 stones
There is a stone staircase leading down here.
You see here a rat corpse.
Found a stone staircase leading down.
MP restored: 9 A rat comes into view.
A rat is nearby!
Aim: a rat (resting)
The magic dart hits the rat.
You now have 8/9 mp.
Aim: a rat (heavily wounded)
The magic dart hits the rat.
You kill the rat!
You now have 7/9 mp.
A bat comes into view.
The bat moves out of view.
MP restored: 9 A bat is nearby!
Aim: a bat The magic dart hits the bat.
You kill the bat!
You can't see any susceptible monsters within range! (Use Z to cast anyway.)
You now have 8/9 mp.
Unknown command.
A bat comes into view.
MP restored: 9 A bat is nearby!
A bat is nearby!
Aim: a bat (resting)
The magic dart hits the bat.
You kill the bat!
Your Spellcasting skill increases to level 5!
You now have 8/10 mp.
You can't see any susceptible monsters within range! (Use Z to cast anyway.) Unknown command.
A goblin comes into view.
A goblin is nearby!
Aim: a goblin (resting)
The magic dart hits the goblin.
The goblin shouts!
You now have 7/10 mp.
Aim: a goblin (heavily wounded)
The magic dart hits the goblin.
You kill the goblin!
You now have 6/10 mp.
Unknown command.
You now have 36 gold pieces (gained 5).
You see here a robe.
MP restored: 10
k - a scroll labeled VACZUO UN BEA
There is a stone staircase leading down here.
You see here 7 poisoned needles.
Partly explored, can't reach some places.
You can't see any susceptible monsters within range! (Use Z to cast anyway.) Partly explored, can't reach some places.
Unknown command.
Really walk into a travel-excluded area? [Y]es or [N]o only, please.
Really walk into a travel-excluded area?
You are engulfed in blazing flames.
Ouch! That really hurt!
You die...

#§§§# #.#.##.# #
#####...#####.#.##.# #
##.§§§...%.§§§..#....# #
#..§§§..$(.§§§..#....## #
#...§§.[[/...§.##.....####
#.#####...##### #...#....#
#.# #§§§# ###...####.. #.#
#§§§# #.....# ##. #.#
#§§@# ###...######
#.#####...#######.#.......
#...............#.#..####.
###########.###...#..#..#.
#.#........#..#.
#.#.######....#.
#.#.#..†#####.#.
#.#.....#.....#.
#.#####.#.###.#.


There were no monsters in sight!

Vanquished Creatures
  3 bats (D:1)
  3 giant cockroaches (D:1)
  4 goblins (D:1)
  4 hobgoblins (D:1)
  A frilled lizard (D:1)
  3 kobolds (D:1)
  3 rats (D:1)
21 creatures vanquished.

Notes
Turn   | Place    | Note
-------+----------+-------------------------------------------
     0 | D:1      | MackTheKnife the Deep Elf Wizard began the quest for the Orb.
     0 | D:1      | Reached XP level 1. HP: 10/10 MP: 7/7
   204 | D:1      | Reached XP level 2. HP: 15/15 MP: 7/9
   232 | D:1      | Reached skill level 2 in Conjurations
   343 | D:1      | Learned a level 2 spell: Call Imp
   572 | D:1      | Reached skill level 5 in Spellcasting
   829 | D:1      | Engulfed by a cloud of flame

Vault maps used:
D:1:      minmay_arrival_loop, minmay_strange_pillars, minivault_19,
          lemuel_flame_loot_1

Skill      XL: |  1  2 |
---------------+-------+-----
Conjurations   | 2 |  2.4
Spellcasting   | 5 |  5.0
Dodging        | |  2.4
Stealth        | |  2.4
Summonings     | |  1.1
Translocations | |  1.1

Action                   || total
-------------------------++-------
 Cast: Magic Dart        ||    37
Dodge: Dodged            ||     2

Vault maps used:
D:1:      minmay_arrival_loop, minmay_strange_pillars, minivault_19,
          lemuel_flame_loot_1

Table legend:
 A = Turns spent in this place as a percentage of turns spent in the entire game.
 B = Non-inter-level travel turns spent in this place as a percentage of non-inter-level travel turns spent in the entire game.
 C = Inter-level travel turns spent in this place as a percentage of turns spent in this place.
 D = Turns resting spent in this place as a percentage of non-inter-level travel turns spent in this place.
 E = Turns spent auto-exploring this place as a percentage of non-inter-level travel turns spent in this place.
 F = Non-inter-level travel turns spent in this place divided by the number of levels of this place that you've seen.
                   A       B       C       D       E      F
               +-------+-------+-------+-------+-------+----------------------
         Total | 100.0 | 100.0 |   1.8 |   2.4 |  23.2 | 168.0
       Dungeon | 100.0 | 100.0 |   1.8 |   2.4 |  23.2 | 168.0
               +-------+-------+-------+-------+-------+----------------------

Table legend:
 A = Kills in this place as a percentage of kills in entire the game.
 B = Kills by you in this place as a percentage of kills by you in the entire game.
 C = Kills by friends in this place as a percentage of kills by friends in the entire game.
 D = Other kills in this place as a percentage of other kills in the entire game.
 E = Experience gained in this place as a percentage of experience gained in the entire game.
 F = Experience gained in this place divided by the number of levels of this place that you have seen.
                   A       B       C       D       E      F
               +-------+-------+-------+-------+-------+----------------------
         Total | 100.0 | 100.0 |  -nan |  -nan | 100.0 |  33.0
       Dungeon | 100.0 | 100.0 |  -nan |  -nan | 100.0 |  33.0
               +-------+-------+-------+-------+-------+----------------------
